 Dungeon Crawl Stone Soup version 0.20.0 (webtiles) character file.

2998 shmeve the Chopper (level 9, -13/85 HPs)
             Began as a Deep Dwarf Fighter on May 26, 2017.
             Was a Follower of Trog.
             Mangled by a white ugly thing (34 damage)
             ... on level 7 of the Dungeon.
             The game lasted 00:15:17 (5391 turns).

shmeve the Chopper (Deep Dwarf Fighter)             Turns: 5391, Time: 00:15:19

Health: -13/85     AC: 12    Str: 29    XL:     9   Next: 54%
Magic:  3/3        EV: 11    Int:  8    God:    Trog [*.....]
Gold:   138        SH: 12    Dex: 12    Spells: 8/8 levels left

rFire    . . .     SeeInvis .   a - +0 war axe
rCold    . . .     Gourm    .   c - +0 shield
rNeg     . . .     Faith    +   b - +0 scale mail
rPois    .         Spirit   .   D - +2 helmet
rElec    .         Reflect  .   (no cloak)
rCorr    .         Harm     .   (no gloves)
MR       +....                  (no boots)
Stlth    ..........             i - amulet of faith
Regen    0.0/turn               u - +2 ring of protection
MPRegen  0.1/turn               (no ring)

@: mighty, lethally poisoned (-13 -> -13), non-regenerating
A: damage resistance, heal wounds, sense surroundings 2, no regeneration
a: Heal Wounds, Berserk, Burn Spellbooks, Renounce Religion


You were on level 7 of the Dungeon.
You worshipped Trog.
Trog was aware of your devotion.
You were not hungry.

You visited 2 branches of the dungeon, and saw 8 of its levels.
You also visited: Sewer and Ossuary.

You collected 336 gold pieces.
You spent 198 gold pieces at shops.

Inventory:

Hand Weapons
 a - a +0 war axe (weapon)
Armour
 b - a +0 scale mail (worn)
 c - a +0 shield (worn)
 D - a +2 helmet (worn)
Jewellery
 i - an amulet of faith (around neck)
 u - a +2 ring of protection (left hand)
Scrolls
 e - a scroll of noise {unknown}
 g - 6 scrolls of enchant weapon {unknown}
 h - 3 scrolls of amnesia {unknown}
 l - 6 scrolls of identify {unknown}
 m - 2 scrolls of enchant armour {unknown}
 o - 2 scrolls of remove curse {unknown}
 r - a scroll of teleportation {unknown}
 s - 2 scrolls of blinking {unknown}
 t - a scroll of magic mapping {unknown}
 y - a scroll of fear {unknown}
 C - a scroll of fog {unknown}
Potions
 d - a potion of might
 j - 9 potions of curing
 k - 6 potions of heal wounds {unknown}
 n - 4 potions of flight {unknown}
 p - 2 potions of resistance {unknown}
 q - a potion of berserk rage {unknown}
 w - 2 potions of agility {unknown}
 A - a potion of magic {unknown}
 B - 2 potions of lignification {unknown}
Comestibles
 f - 7 bread rations
 v - a meat ration
 x - 5 fruits
 z - 2 royal jellies
 E - 2 chunks of flesh


   Skills:
 * Level 6.8 Fighting
 * Level 7.9 Axes
 + Level 6.1 Armour
 + Level 4.6 Dodging
 * Level 7.8 Shields


You had 8 spell levels left.
You didn't know any spells.

Dungeon Overview and Level Annotations

Branches:
Dungeon (7/15)             Temple (1/1) D:6

Altars:
Ashenzari
Cheibriados
Dithmenos
Elyvilon
Gozag
Hepliaklqana
Kikubaaqudgha
Makhleb
Nemelex Xobeh
Okawaru
Qazlal
Ru
Sif Muna
Trog
Uskayaw
Vehumet
Xom
Yredelemnul
Zin
The Shining One

Shops:
D:6 [

Annotations:
D:7 1 transporter


Innate Abilities, Weirdness & Mutations

You are resistant to damage.
You can heal yourself by infusing magical energy.
You passively map the area around you.
You do not regenerate.


Message History

You hit the scorpion.
The white ugly thing closely misses you.
You block the scorpion's attack.
You hit the white ugly thing.
The white ugly thing is moderately wounded.
You slash the scorpion!
You kill the scorpion!
Trog accepts your kill. The white ugly thing trunk-slaps you.
The white ugly thing freezes you!!
* * * LOW HITPOINT WARNING * * *
You completely miss the white ugly thing.
The white ugly thing is moderately wounded.
The white ugly thing misses you.
You hit the white ugly thing.
The white ugly thing is heavily wounded.
You block the white ugly thing's attack.
The white ugly thing trunk-slaps you.
* * * LOW HITPOINT WARNING * * *
The white ugly thing freezes you!!
You die...

# , #....##....########## ##*,
#.#.................. .#* *
##...........######### .## ,
#..#########......<.., ..#
#.##...©...##.##...#*
#.####.#####.#8.##.##$8#..#...#
.........(...#..##.##$.#......#
.#.##.####...#.......!.#......#
.#..#.# #..©#.u@....$_#...)..#
.##.#.# ##..#.......$.#..)...###
.##...######.#.)##.##"(#..)......
.............#8.##.##$8#.>#.#####
####.[.......##.......##.)#.#
#..#####...#########..†).# *
##.## #..............#### #..#
##...#.####.##.# ##.## #.* #.##.#


You could see a white ugly thing.

Vanquished Creatures
  Grinder (D:6)
  Prince Ribbit (D:5)
  The ghost of FakerFangirl the Cudgeler, an amateur DrFi (D:4)
  2 steam dragons (D:7)
  Duvessa (D:7)
  2 ogres
  A centaur (D:3)
  3 big kobolds
  2 elf zombies (Ossuary)
  3 bullfrogs (D:7)
  2 scorpions
  Dowan (D:7)
  2 howler monkeys (D:7)
  6 hounds
  3 crimson imps
  An orc priest (D:7)
  3 orc wizards
  3 bullfrog skeletons
  An iguana (D:4)
  2 worker ants
  Ijyb (D:3)
  A hound zombie (Ossuary)
  4 mummies (Ossuary)
  8 gnolls
  20 adders
  5 river rats
  3 oozes
  An adder zombie (Ossuary)
  An adder skeleton (D:6)
  2 worms (D:2)
  6 dart slugs
  6 leopard geckos
  24 orcs
  5 ball pythons
  5 giant cockroaches
  3 gnoll zombies
  10 goblins
  13 hobgoblins
  5 jackals
  16 kobolds
  3 quokkas
  7 bats
  6 frilled lizards
  A goblin zombie (Ossuary)
  A hobgoblin zombie (Ossuary)
  A jackal skeleton (D:7)
  2 jackal zombies (Ossuary)
  A kobold zombie (Ossuary)
  A leopard gecko zombie (D:5)
  An orc zombie (Ossuary)
  7 rats
  A rat zombie (Ossuary)
212 creatures vanquished.

Vanquished Creatures (others)
  A howler monkey skeleton (D:6)
1 creature vanquished.

Grand Total: 213 creatures vanquished

Notes
Turn   | Place    | Note
-------+----------+-------------------------------------------
     0 | D:1      | shmeve the Deep Dwarf Fighter began the quest for the Orb.
     0 | D:1      | Reached XP level 1. HP: 20/20 MP: 1/1
    65 | D:1      | Reached XP level 2. HP: 24/27 MP: 2/2
   349 | D:1      | Reached XP level 3. HP: 29/34 MP: 3/3
   881 | D:2      | Found a faded altar of an unknown god.
   891 | D:2      | Reached XP level 4. HP: 28/42 MP: 4/4
   900 | D:2      | Reached skill level 1 in Dodging
  1179 | D:2      | Reached XP level 5. HP: 34/49 MP: 4/4
  1339 | D:2      | Found a snail-covered altar of Cheibriados.
  1353 | D:2      | Found a shadowy altar of Dithmenos.
  1510 | D:3      | Noticed a centaur
  1521 | D:3      | Killed a centaur
  1521 | D:3      | Reached XP level 6. HP: 23/57 MP: 5/5
  1728 | D:3      | Found a basalt altar of Yredelemnul.
  1896 | D:3      | Found a glowing golden altar of the Shining One.
  1960 | D:3      | Noticed Ijyb
  1968 | D:3      | Killed Ijyb
  2037 | D:3      | Found an ancient bone altar of Kikubaaqudgha.
  2281 | D:4      | Reached skill level 5 in Axes
  2281 | D:4      | Reached skill level 5 in Shields
  2281 | D:4      | Reached XP level 7. HP: 35/64 MP: 6/6
  2569 | D:4      | Noticed FakerFangirl's ghost (amateur DrFi)
  2593 | D:4      | Killed FakerFangirl's ghost
  2806 | D:4      | Found a sacrificial altar of Ru.
  3059 | D:4      | Found a deep blue altar of Sif Muna.
  3275 | D:5      | Entered Level 5 of the Dungeon
  3342 | D:5      | Reached skill level 5 in Fighting
  3350 | D:5      | Found a sand-covered staircase.
  3355 | Ossuary  | Entered an ossuary
  3383 | Ossuary  | Reached XP level 8. HP: 53/74 MP: 4/4
  3384 | Ossuary  | Reached skill level 5 in Armour
  3606 | D:5      | Found a stormy altar of Qazlal.
  3610 | D:5      | Noticed an air elemental
  3665 | D:5      | Noticed Prince Ribbit
  3692 | D:5      | Killed Prince Ribbit
  3807 | D:5      | Found a glowing drain.
  3837 | Sewer    | Entered a sewer
  3940 | Sewer    | Found a white marble altar of Elyvilon.
  4105 | D:6      | Found a radiant altar of Vehumet.
  4416 | D:6      | Noticed Grinder
  4441 | D:6      | Killed Grinder
  4441 | D:6      | Gained mutation: You passively map the area around you. [Deep Dwarf growth]
  4441 | D:6      | Reached XP level 9. HP: 29/82 MP: 5/5
  4467 | D:6      | Found a staircase to the Ecumenical Temple.
  4607 | D:6      | Found Rato's Armour Emporium.
  4610 | D:6      | Bought a +2 helmet for 198 gold pieces
  4649 | Temple   | Entered the Ecumenical Temple
  4688 | Temple   | Became a worshipper of Trog the Wrathful
  5010 | D:7      | Found an opulent altar of Gozag.
  5084 | D:7      | Noticed Duvessa
  5085 | D:7      | Noticed Dowan
  5094 | D:7      | Killed Dowan
  5114 | D:7      | Killed Duvessa
  5253 | D:7      | Noticed a white ugly thing
  5254 | D:7      | Found a hazy altar of Hepliaklqana.
  5265 | D:7      | Reached * piety under Trog
  5391 | D:7      | Mangled by a white ugly thing

Skill      XL: |  1  2  3  4  5  6  7  8  9 |
---------------+----------------------------+-----
Fighting       | 3 4 5 6 |  6.8
Dodging        | 1 2 4 |  4.6
Axes           | 3 4 5 6 7 |  7.9
Shields        | 4 5 6 7 |  7.8
Armour         | 4 5 6 |  6.1

Action                   |  1- 3 |  4- 6 |  7- 9 || total
-------------------------+-------+-------+-------++-------
Melee: War axe           |   103 |   287 |   438 ||   828
Invok: Burn Spellbooks   |       |       |     2 ||     2
 Abil: Heal Wounds       |       |     7 |    15 ||    22
  Use: Potion            |       |       |     2 ||     2
  Eat: Chunk             |       |     6 |    11 ||    17
Armor: Scale mail        |    62 |    96 |   182 ||   340
Dodge: Dodged            |    47 |   102 |   166 ||   315
Block: Shield            |    79 |   171 |   294 ||   544
